Map: Romanticide LE

Players

soul

  • Race: Terran Terran
  • League: Grandmaster
  • Spawn Location: 11:00

uwuThermal (uThermal) - Winner!

  • Race: Terran Terran
  • League: Master
  • Spawn Location: 5:00

VOD

Have the link to the VOD?

Description

Time

  • Played on: Dec. 17, 2020, 9:25 a.m.
  • Length: 15:19
Show
View Real Time Build Order
Export as new Build Order

soul Terran 

Build Orders: Reaper Expand 

Get SALT Encoding   

  12  0:00  SCV  
  13  0:12  SCV  
  14  0:17  Supply Depot  
  14  0:24  SCV  
  15  0:38  SCV  
  15  0:40  Barracks  
  16  0:44  Refinery  
  16  0:50  SCV  
  17  1:02  SCV  
  18  1:15  SCV  
  19  1:27  Orbital Command  
  19  1:29  Reaper  
  20  1:42  Command Center  
  20  1:53  SCV  
  21  1:54  Supply Depot  
  21  2:01  Marine  
  21  2:06  Factory  
  22  2:09  SCV  
  22  2:15  Refinery  
  23  2:20  Marine  
  23  2:21  SCV  
  24  2:34  SCV  
  25  2:38  Marine  
  26  2:46  SCV  
  29  2:51  Hellion, Starport  
  29  2:54  Orbital Command  
  29  2:58  Refinery, SCV  
  30  3:02  Barracks Tech Lab  
  30  3:10  SCV  
  31  3:20  SCV  
  31  3:22  SCV  
  31  3:26  Cyclone  
  36  3:27  Barracks Reactor  
  36  3:29  Starport Tech Lab  
  36  3:32  SCV  
  37  3:34  SCV  
  37  3:37  Supply Depot  
  38  3:44  SCV  
  38  3:46  SCV  
  40  3:50  Raven  
  40  3:56  SCV  
  40  3:58  SCV  
  40  4:01  Siege Tank  
  45  4:04  Marine x2  
  45  4:08  SCV  
  45  4:09  Supply Depot  
  48  4:10  SCV  
  48  4:12  Supply Depot  
  49  4:21  SCV  
  50  4:26  Command Center  
  50  4:27  SCV  
  51  4:33  Raven, SCV  
  51  4:36  Supply Depot  
  54  4:39  SCV  
  54  4:41  Marine  
  54  4:45  SCV  
  57  4:47  Siege Tank  
  57  4:49  Supply Depot  
  57  4:50  Refinery  
  57  4:51  SCV  
  61  4:57  SCV  
  62  5:01  Marine x2  
  62  5:03  SCV  
  65  5:08  Barracks  
  65  5:09  Barracks, SCV  
  66  5:15  SCV  
  66  5:16  Raven  
  66  5:18  Marine  
  70  5:21  SCV  
  70  5:25  Engineering Bay  
  70  5:26  Engineering Bay, Siege Tank  
  70  5:27  SCV  
  70  5:28  Marine  
  76  5:35  Supply Depot  
  76  5:38  SCV  
  76  5:39  Supply Depot  
  76  5:40  Orbital Command  
  77  5:44  SCV  
  80  5:50  SCV  
  80  5:55  Sensor Tower  
  80  5:56  Terran Infantry Armor Level 1, Terran Infantry Weapons Level 1  
  80  5:57  Barracks Reactor  
  81  5:59  Barracks Reactor  
  78  6:04  SCV  
  78  6:08  SCV  
  80  6:13  Stimpack  
  80  6:16  Barracks, SCV  
  54  6:18  Orbital Command  
  81  6:19  Barracks  
  81  6:20  SCV  
  81  6:23  Marine  
  81  6:24  Viking  
  88  6:26  Viking  
  88  6:28  SCV  
  88  6:31  Missile Turret  
  89  6:32  SCV  
  89  6:35  Marine x3  
  89  6:36  Marine  
  93  6:41  Marine, SCV  
  93  6:44  SCV x2  
  96  6:48  Siege Tank  
  96  6:52  Supply Depot  
  96  6:53  Marine, SCV  
  101  6:56  Refinery x2, SCV  
  101  6:57  SCV  
  103  7:01  Viking x2  
  103  7:05  SCV  
  103  7:06  Barracks Reactor  
  103  7:07  Barracks Reactor  
  103  7:08  SCV  
  109  7:11  Barracks Tech Lab x2  
  109  7:19  Armory  
  109  7:22  Armory  
  109  7:24  Command Center  
  109  7:26  SCV  
  109  7:27  Starport  
  109  7:29  Starport, SCV  
  111  7:33  Barracks Reactor  
  111  7:34  Barracks Reactor  
  111  7:35  Marauder  
  113  7:39  SCV  
  113  7:42  SCV x2  
  113  7:43  Supply Depot  
  113  7:44  Supply Depot  
  116  7:45  Supply Depot  
  116  7:49  Marauder x2, Combat Shield  
  116  7:50  Concussive Shells  
  120  7:51  SCV  
  120  7:56  Medivac  
  120  7:57  SCV  
  124  7:59  SCV  
  124  8:03  Refinery  
  124  8:04  SCV, Viking  
  124  8:05  Marauder  
  130  8:09  Refinery, Terran Ship Weapons Level 1  
  130  8:10  Terran Vehicle And Ship Armor Level 1  
  130  8:14  Supply Depot  
  130  8:16  Supply Depot  
  130  8:18  Marauder x2  
  133  8:22  Medivac  
  133  8:26  Marine, Marauder  
  138  8:28  Marine x3  
  138  8:33  Viking  
  143  8:39  Planetary Fortress, Marauder x2  
  146  8:41  SCV x2  
  146  8:44  Supply Depot, Marine  
  146  8:45  Viking  
  146  8:47  Viking  
  153  8:53  Viking x2  
  157  8:59  Viking  
  159  9:09  Fusion Core  
  157  9:10  Command Center  
  157  9:14  Viking  
  158  9:17  Viking  
  158  9:19  Sensor Tower  
  158  9:20  Viking  
  160  9:26  Viking  
  160  9:30  Viking  
  162  9:32  Viking  
  162  9:34  Command Center  
  162  9:35  Marine  
  162  9:36  Marine, Marauder x3  
  162  9:37  Marine x2  
  174  9:46  Terran Infantry Weapons Level 2  
  174  9:55  Missile Turret  
  174  9:58  Advanced Ballistics  
  177  10:00  Liberator  
  177  10:03  Liberator  
  184  10:09  Liberator  
  182  10:15  Command Center  
  182  10:16  Command Center  
  182  10:18  Refinery  
  182  10:19  Liberator  
  183  10:24  Liberator  
  186  10:29  Liberator  
  186  10:30  Refinery  
  189  10:38  Planetary Fortress  
  189  10:48  Terran Ship Weapons Level 2  
  183  11:08  Liberator  
  183  11:10  Marine x2, Marauder x3  
  183  11:11  Marine, Liberator x2  
  157  11:12  Marine  
  157  11:13  Liberator  
  145  11:22  Viking  
  145  11:23  Liberator  
  136  11:28  Marine x2  
  136  11:29  Marine  
  136  11:30  Marine  
  136  11:32  Marauder x3  
  137  11:34  Orbital Command x2  
  137  11:37  Orbital Command  
  134  11:45  Marine  
  134  11:46  Marine, Terran Vehicle And Ship Armor Level 2  
  134  11:47  Marine  
  136  11:48  Marine  
  136  11:51  Liberator  
  136  11:52  Liberator  
  136  11:53  Marine, Marauder x2  
  147  11:54  Liberator  
  145  12:05  Marine, Liberator  
  140  12:09  Marine  
  140  12:11  Marauder  
  140  12:12  Marine  
  140  12:14  Marauder  
  145  12:17  Marine, Marauder  
  145  12:22  Viking x2  
  147  12:24  Orbital Command  
  147  12:28  Marine  
  147  12:29  Marine  
  133  12:32  Marauder  
  133  12:36  Marauder  
  120  12:37  Marine  
  120  12:39  Marauder  
  120  12:40  Liberator  
  122  12:45  Liberator  
  125  12:59  Orbital Command  
  125  13:00  Liberator  
  124  13:07  Medivac x2  
  124  13:10  Smart Servos  
  124  13:11  SCV x2  
  124  13:12  SCV x3  
  133  13:14  Refinery  
  133  13:15  Refinery  
  133  13:21  Refinery  
  133  13:22  Liberator  
  133  13:23  Refinery, SCV x2  
  137  13:29  Marine, Liberator  
  142  13:34  SCV x4  
  142  13:35  SCV  
  142  13:36  SCV  
  142  13:37  Marine, Marauder  
  144  13:42  Marine x2, Marauder  
  144  13:43  Marauder  
  144  13:46  SCV x2, Viking x2  
  156  13:54  SCV  
  156  13:55  SCV  
  158  13:58  Liberator x2  
  158  13:59  Marauder  
  165  14:08  Marine, Liberator  
  165  14:09  Marauder x2  
  135  14:11  Marine x3  
  125  14:19  Liberator  
  125  14:20  Marauder  
  125  14:22  Liberator  
  129  14:26  Marine  
  129  14:28  Marine, Liberator  
  129  14:29  Marine x3  
  135  14:33  Marauder  
  137  14:40  Orbital Command  
  137  14:41  Marine  
  137  14:44  Marine  
  138  14:46  Marine x2  
  138  14:48  Marauder  
  138  14:50  Marine  
  136  14:53  Refinery  
  136  14:54  Marauder  
  136  14:55  SCV x3  
  136  14:57  Refinery  
  137  15:06  SCV  
Show
View Real Time Build Order
Export as new Build Order

uwuThermal Terran - Winner!

Build Orders: Reaper Expand, Mech 

Get SALT Encoding   

  12  0:00  SCV  
  13  0:12  SCV  
  14  0:17  Supply Depot  
  14  0:24  SCV  
  15  0:38  SCV  
  15  0:39  Barracks  
  16  0:43  Refinery  
  16  0:50  SCV  
  17  1:02  SCV  
  18  1:14  SCV  
  19  1:26  Orbital Command, Reaper  
  20  1:40  Command Center  
  20  1:50  Supply Depot  
  20  1:52  SCV  
  21  1:58  Marine  
  22  2:04  SCV  
  23  2:10  Factory  
  23  2:15  Refinery  
  23  2:17  SCV  
  23  2:21  Barracks Reactor  
  24  2:29  SCV  
  24  2:41  SCV  
  25  2:53  Hellion, Orbital Command, SCV  
  25  2:54  Starport  
  25  2:58  Marine x2  
  28  3:05  SCV  
  30  3:15  Factory Tech Lab  
  30  3:16  Marine x2  
  30  3:17  SCV  
  33  3:20  SCV  
  34  3:29  SCV  
  34  3:32  SCV  
  34  3:33  Siege Tank  
  39  3:35  Viking  
  39  3:39  Supply Depot  
  41  3:42  SCV  
  41  3:44  SCV  
  41  3:46  Marine  
  41  3:47  Marine  
  45  3:54  SCV  
  46  4:00  SCV  
  47  4:06  Command Center, SCV  
  48  4:12  Factory Tech Lab  
  48  4:13  SCV  
  48  4:14  Supply Depot  
  48  4:15  Raven  
  51  4:20  Refinery, SCV  
  51  4:22  Refinery  
  52  4:25  SCV  
  52  4:27  Marine  
  54  4:31  Supply Depot  
  54  4:36  Marine, Siege Tank, SCV  
  59  4:40  Supply Depot, SCV  
  59  4:44  Marine  
  61  4:48  SCV  
  62  4:53  SCV  
  62  4:55  Supply Depot  
  62  4:56  Marine  
  62  4:58  Raven  
  66  5:00  SCV  
  66  5:05  Supply Depot, SCV  
  68  5:10  Siege Tank  
  68  5:11  Marine  
  68  5:12  SCV  
  73  5:14  Marine  
  73  5:17  Supply Depot  
  73  5:19  Orbital Command  
  74  5:21  SCV  
  74  5:24  SCV  
  76  5:32  Marine x2  
  76  5:33  Engineering Bay, SCV  
  79  5:37  SCV  
  79  5:41  Orbital Command  
  79  5:42  Siege Tank  
  83  5:46  SCV  
  84  5:56  Refinery  
  82  5:57  Factory, SCV  
  82  5:59  Refinery, Barracks Reactor  
  82  6:00  Viking  
  82  6:01  Viking  
  82  6:04  Factory, SCV  
  87  6:07  SCV  
  87  6:09  SCV  
  89  6:14  Siege Tank  
  89  6:16  SCV  
  93  6:19  SCV  
  93  6:21  SCV  
  93  6:25  Missile Turret  
  95  6:28  SCV  
  95  6:29  Missile Turret  
  95  6:30  Viking  
  95  6:31  SCV, Viking  
  101  6:33  SCV  
  101  6:35  Supply Depot  
  102  6:40  SCV  
  102  6:43  Siege Tank, SCV  
  102  6:46  Supply Depot, Siege Tank, SCV  
  111  6:55  Hellion, Armory  
  111  6:56  Supply Depot, Armory  
  111  6:57  Hellion  
  111  6:58  SCV  
  111  7:00  SCV  
  117  7:01  SCV  
  117  7:06  Viking  
  119  7:09  Viking  
  119  7:10  SCV  
  119  7:12  SCV  
  123  7:18  Supply Depot, Siege Tank x2  
  123  7:21  SCV  
  130  7:23  Supply Depot  
  130  7:24  Hellion  
  132  7:31  Supply Depot, Sensor Tower, SCV x2  
  132  7:35  Hellion  
  136  7:37  Supply Depot  
  136  7:41  Viking  
  136  7:42  Viking  
  140  7:45  Terran Vehicle Weapons Level 1  
  140  7:46  Terran Vehicle And Ship Armor Level 1  
  140  7:55  Hellion  
  140  7:56  Hellion  
  140  7:57  Siege Tank  
  140  7:58  Siege Tank  
  150  8:01  Supply Depot  
  150  8:09  Command Center  
  150  8:13  Viking  
  150  8:15  Missile Turret  
  150  8:16  Missile Turret, Viking  
  150  8:19  Hellion  
  156  8:20  Hellion  
  156  8:23  Supply Depot  
  158  8:29  Siege Tank  
  158  8:30  Siege Tank  
  161  8:37  Factory  
  161  8:38  Factory  
  161  8:45  Hellion x2, Missile Turret  
  161  8:46  Missile Turret  
  161  8:48  Missile Turret  
  165  8:54  Viking x2  
  166  8:59  Supply Depot  
  164  9:07  Thor  
  164  9:08  Thor  
  176  9:11  Hellion x2  
  176  9:16  Supply Depot  
  180  9:20  Infernal Pre-Igniter  
  180  9:21  Smart Servos  
  174  9:26  Factory Reactor, Factory Tech Lab  
  164  9:32  Hellion  
  164  9:35  Viking x2  
  164  9:37  Command Center  
  170  9:44  Missile Turret  
  170  9:47  Hellion, Missile Turret  
  170  9:48  SCV  
  170  9:49  Missile Turret x2  
  170  9:50  Planetary Fortress  
  173  9:56  SCV  
  173  9:59  Terran Vehicle Weapons Level 2  
  174  10:02  Refinery  
  174  10:04  Hellion x2  
  178  10:09  Terran Vehicle And Ship Armor Level 2  
  178  10:10  Refinery  
  178  10:14  Hellion x2  
  182  10:19  Siege Tank  
  182  10:21  Siege Tank  
  188  10:27  Viking  
  190  10:29  Viking  
  190  10:32  SCV  
  190  10:34  Hellion  
  190  10:35  Hellion  
  197  10:49  Command Center  
  195  11:05  Viking x2  
  195  11:06  Hellion  
  195  11:07  Hellion  
  195  11:10  Thor  
  195  11:11  Thor  
  191  11:13  Hellion x2  
  174  11:21  Thor  
  174  11:25  SCV  
  161  11:27  Hellion  
  160  11:35  Viking  
  162  11:45  Hellion  
  164  11:49  Viking  
  164  11:53  Thor  
  163  11:55  Hellion x2  
  161  12:02  Thor  
  161  12:08  SCV x2  
  169  12:09  Viking  
  169  12:14  Thor  
  165  12:24  Hellion  
  156  12:32  Hellion x2  
  156  12:35  Thor  
  144  12:44  Planetary Fortress  
  144  12:45  Siege Tank  
  144  12:46  SCV x2  
  144  12:50  Orbital Command  
  149  12:53  Hellion  
  149  12:57  Viking  
  149  12:58  SCV x2, Siege Tank, Viking  
  158  13:00  SCV  
  158  13:02  Hellion  
  163  13:06  Hellion x2  
  163  13:07  SCV  
  168  13:13  SCV  
  168  13:15  Missile Turret  
  168  13:16  SCV x2  
  168  13:19  Siege Tank  
  174  13:21  Siege Tank  
  177  13:27  Viking  
  177  13:28  Viking  
  177  13:30  Siege Tank  
  184  13:38  Hellion  
  182  13:41  Hellion, SCV  
  182  13:43  Hellion  
  187  13:51  Siege Tank  
  187  13:52  SCV  
  187  13:53  Siege Tank  
  194  13:57  Viking  
  194  13:58  Hellion, Viking  
  194  14:02  Hellion  
  194  14:09  Hellion, Siege Tank  
  167  14:11  Hellion  
  163  14:20  Hellion  
  163  14:23  Siege Tank  
  168  14:25  Hellion, Siege Tank  
  168  14:26  Hellion x4  
  168  14:27  Viking  
  168  14:28  Viking  
  168  14:31  Hellion  
  175  14:38  Hellion, SCV  
  175  14:41  Siege Tank  
  175  14:45  Hellion  
  179  14:55  Hellion  
  179  14:58  Hellion  
Tags
 
Add a new tag
Caveats
  • Supply blocks, unpowered buildings, or Contaminate may cause inaccurate times.
  • Supply counts are checked every 10 seconds.